 Dungeon Crawl Stone Soup version 0.31-a0-1027-gfb7600b534 (webtiles) character file.

Game seed: 3443320469042708690

1629 Azuregosa the Covert (level 8, -6/52 HPs)
             Began as an Octopode Delver on Nov 18, 2023.
             Was an Initiate of Gozag.
             Mangled by Duvessa
             ... wielding a +0 short sword
              (8 damage)
             ... on level 6 of the Dungeon.
             The game lasted 00:19:39 (4113 turns).

Azuregosa the Covert (Octopode Delver)              Turns: 4113, Time: 00:19:40

Health: -6/52      AC:  5    Str: 11    XL:     8   Next: 97%
Magic:  15/15      EV: 13    Int: 14    God:    Gozag
Gold:   495        SH:  6    Dex: 14    Spells: 6/16 levels left

rFire   . . .        v - +0 dagger (speed)
rCold   . . .        w - +1 buckler
rNeg    . . .        (helmet restricted)
rPois   .            g - amulet of regeneration
rElec   .            C - +4 ring of protection
rCorr   +            y - ring of resist corrosion
SInv    .            (no ring)
Will    .....        (no ring)
Stlth   +++++        (no ring)
HPRegen 1.08/turn    (no ring)
MPRegen 0.14/turn    (no ring)
                     (no ring)

%: no passive effects
@: gold aura
A: almost no armour, amphibious, 8 rings, camouflage 1, gelatinous body 1,
(nimble swimmer 1), tentacles
a: Renounce Religion, Potion Petition, Call Merchant, Bribe Branch


You were on level 6 of the Dungeon.
You worshipped Gozag.
Gozag was aware of your devotion.
You visited 2 branches of the dungeon, and saw 7 of its levels.

You collected 600 gold pieces.
You paid 105 gold pieces to Gozag.

Inventory:

Hand Weapons
 a - a +0 short sword
 m - a +0 dagger of distortion
 v - a +0 dagger of speed (weapon)
 B - a +2 sling of draining
 F - a +2 hammer of holy wrath
 G - a +3 quarterstaff of chaos
 I - a +3 quarterstaff
 J - a +2 whip of electrocution
 M - a +1 dire flail of holy wrath
Missiles
 p - 51 stones
 E - 9 poisoned darts
 L - a throwing net
Armour
 w - a +1 buckler (worn)
Magical Staves
 t - a staff of cold
Jewellery
 g - an amulet of regeneration (around mantle)
 o - an amulet of faith
 y - a ring of resist corrosion (right tentacle)
 C - a +4 ring of protection (left tentacle)
Talismans
 z - a serpent talisman
Wands
 f - a wand of digging (3)
 H - a wand of light (6)
Scrolls
 b - 3 scrolls of fog
 d - 2 scrolls of fear
 h - 4 scrolls of immolation
 i - a scroll of blinking
 k - 5 scrolls of noise
 l - 2 scrolls of poison
 r - a scroll of silence
 s - a scroll of vulnerability
 u - 3 scrolls of teleportation
 K - 2 scrolls of butterflies
Potions
 e - a potion of haste
 j - a potion of degeneration {unknown}
 n - 3 potions of curing {unknown}
 x - 3 potions of berserk rage
 A - a potion of ambrosia
 N - a potion of brilliance


   Skills:
 - Level 3.0 Fighting
 - Level 2.0 Short Blades
 - Level 1.7 Maces & Flails
 - Level 2.0 Dodging
 - Level 8.0 Stealth
 - Level 6.0 Shields
 + Level 4.9 Spellcasting
 + Level 4.7 Hexes
 - Level 3.1 Ice Magic


You had 6 spell levels left.
You knew the following spells:

 Your Spells              Type           Power      Damage    Failure   Level
a - Ensorcelled Hibernat  Hex/Ice        28%        N/A       7%          2
b - Silence               Hex/Air        5%         N/A       94%         5
c - Dazzling Flash        Conj/Hex       20%        N/A       26%         3

Your spell library contained the following spells:

 Spells                   Type           Power      Damage    Failure   Level
 Jinxbite                 Hex            32%        N/A       5%          2
 Ignite Poison            Fire/Tmut/Pois 3%         N/A       58%         3
 Anguish                  Hex/Necr       5%         N/A       65%         4
 Sticky Flame             Conj/Fire      3%         2d3       94%         4
 Vhi's Electric Charge    Tloc/Air       6%         N/A       94%         4
 Agony                    Necr           3%         N/A       100%        5
 Arcjolt                  Conj/Air       1%         1d11      100%        5
 Plasma Beam              Fire/Air       1%         2x1d11    100%        6
 Ignition                 Fire           1%         3d3       100%        8


Dungeon Overview and Level Annotations

Branches:
Dungeon (6/15)             Temple (1/1) D:4

Altars:
Cheibriados
Dithmenos
Elyvilon
Gozag
Hepliaklqana
Nemelex Xobeh
Qazlal
Ru
Sif Muna
Trog
Uskayaw
Xom
Yredelemnul
Zin
The Shining One

Shops:
D:5 (

Annotations:
D:6 Duvessa


Innate Abilities, Weirdness & Mutations

You cannot wear most types of armour.
You are amphibious.
You can wear up to eight rings at the same time.
Your skin changes colour to match your surroundings (Stealth+).
Your rubbery body absorbs attacks. (AC +1, EV +1)
((You are camouflaged when in or above water. (Stealth+)))
You have tentacles for arms and can constrict up to eight enemies at once.


Message History

You constrict Duvessa, but do no damage.
Duvessa hits you with a +0 short sword.
You hit Duvessa but do no damage. You squeeze Duvessa.
Duvessa is lightly wounded.
You constrict Duvessa. You block Duvessa's attack.
You hit Duvessa but do no damage. You squeeze Duvessa.
Duvessa is moderately wounded.
You constrict Duvessa. Duvessa completely misses you.
You hit Duvessa but do no damage.
Duvessa is moderately wounded.
You constrict Duvessa, but do no damage.
Duvessa hits you with a +0 short sword!
You barely miss Duvessa. You squeeze Duvessa.
Duvessa is moderately wounded.
You constrict Duvessa. Duvessa hits you with a +0 short sword!
Okay, then.
You hit Duvessa but do no damage. You squeeze Duvessa, but do no damage.
Duvessa is moderately wounded.
You constrict Duvessa. Duvessa completely misses you.
You barely miss Duvessa.
Duvessa is moderately wounded.
You constrict Duvessa, but do no damage.
Duvessa hits you with a +0 short sword!
* * * LOW HITPOINT WARNING * * *
You feel much better.
You constrict Duvessa, but do no damage.
Duvessa hits you with a +0 short sword!
An iguana comes into view.
Duvessa barely misses you.
The iguana hisses angrily.
You hit Duvessa but do no damage.
Duvessa is moderately wounded.
You constrict Duvessa. Duvessa hits you with a +0 short sword!
* * * LOW HITPOINT WARNING * * *
You release your grip on Duvessa.
Duvessa attacks as she pursues you! Duvessa hits you with a +0 short sword!
* * * LOW HITPOINT WARNING * * *
Duvessa hits you with a +0 short sword!
You die...
Your body crumbles into a pile of gold.

####### ....# #......#
....###......#
.............###### ###..
.....##...........##......
.....##.........@e$..#
.....##...........##..l...
..........................
.............##..###......
#.##..#.......##..## ?....
#.##..#........##..# ....
#.###.##..##.....#... . .
#...#.#..#####.#.####.
........## #...# .


You could see Duvessa (berserk) and an iguana.

Vanquished Creatures
  Grinder (D:4)
  Sigmund (D:4)
  Edmund (D:6)
  2 black bears
  Blork the orc (D:4)
  5 scorpions
  Dowan (D:6)
  A howler monkey (D:4)
  A hound (D:4)
  A jelly (D:4)
  2 sleepcaps
  Crazy Yiuf (D:4)
  3 iguanas (D:4)
  3 orc wizards (D:5)
  Natasha (thrice) (D:3)
  5 adders
  2 ufetubi (D:4)
  2 worms
  4 dart slugs
  5 orcs
  7 ball pythons
  5 bats
  13 endoplasms
  2 giant cockroaches
  6 goblins
  8 hobgoblins
  A jackal (D:1)
  4 quokkas
  10 kobolds
  5 rats
106 creatures vanquished.

Notes
Turn   | Place    | Note
-------+----------+-------------------------------------------
     0 | D:5      | Azuregosa the Octopode Delver began the quest for the Orb.
     0 | D:5      | Reached XP level 1. HP: 16/16 MP: 1/1
    33 | D:4      | Noticed a scorpion
   149 | D:3      | Reached skill level 7 in Stealth
   169 | D:3      | Found a basalt altar of Yredelemnul.
   172 | D:3      | Reached XP level 2. HP: 21/21 MP: 2/2
   478 | D:1      | Reached XP level 3. HP: 20/26 MP: 3/3
   596 | D:1      | Reached skill level 8 in Stealth
   662 | D:1      | Learned a level 2 spell: Ensorcelled Hibernation
   751 | D:1      | Found a faded altar of an unknown god.
  1129 | D:2      | Identified the +1 leather armour of Dithmenos's Outrage
                  | {rC+ rN++}
  1452 | D:2      | Reached XP level 4. HP: 31/31 MP: 4/4
  1645 | D:3      | Noticed Natasha
  1651 | D:3      | Killed Natasha
  1652 | D:3      | Reached skill level 1 in Spellcasting
  1652 | D:3      | Reached skill level 1 in Hexes
  1652 | D:3      | Reached skill level 1 in Ice Magic
  1848 | D:3      | Noticed a scorpion
  1850 | D:3      | Killed a scorpion
  1851 | D:3      | Reached XP level 5. HP: 36/36 MP: 5/7
  2080 | D:3      | Noticed Natasha
  2090 | D:3      | Killed Natasha
  2405 | D:3      | Noticed Natasha
  2414 | D:3      | Killed Natasha
  2440 | D:4      | Noticed Grinder
  2457 | D:4      | Killed Grinder
  2458 | D:4      | Reached XP level 6. HP: 38/42 MP: 8/10
  2529 | D:4      | Noticed Blork the orc
  2542 | D:4      | Killed Blork the orc
  2543 | D:4      | Reached XP level 7. HP: 29/46 MP: 10/12
  2657 | D:4      | Noticed Sigmund
  2665 | D:4      | Killed Sigmund
  2697 | D:4      | Found a staircase to the Ecumenical Temple.
  2711 | Temple   | Entered the Ecumenical Temple
  2734 | Temple   | Became a worshipper of Gozag Ym Sagoz the Greedy
  2828 | D:4      | Found a snail-covered altar of Cheibriados.
  2986 | D:4      | Found a runed translucent door.
  2987 | D:4      | Noticed Crazy Yiuf
  2995 | D:4      | Killed Crazy Yiuf
  3116 | D:4      | Reached XP level 8. HP: 52/52 MP: 13/13
  3208 | D:5      | Found Ifeit's Weapon Shop.
  3280 | D:4      | Reached skill level 5 in Shields
  3715 | D:5      | Reached skill level 1 in Maces & Flails
  3822 | D:5      | Learned a level 5 spell: Silence
  3826 | D:5      | Learned a level 3 spell: Dazzling Flash
  3977 | D:6      | Noticed Edmund
  3996 | D:6      | Killed Edmund
  4088 | D:6      | Noticed Duvessa
  4088 | D:6      | Noticed Dowan
  4098 | D:6      | Killed Dowan
  4113 | D:6      | HP: 2/52 [Duvessa/+0 short sword (9)]
  4113 | D:6      | Mangled by Duvessa

Illustrated notes

Levels and vault maps discovered:
D:1:      minmay_arrival_diagonal_passages, layout_loops_ring,
          basic_ecumenical_altar, minmay_pentomino_w4
D:2:      layout_basic
D:3:      layout_loops_cross, mainiacjoe_overflow_alcove_1, chequers_garden,
          st_stairs_11, nrook_uturn, uniq_natasha
D:4:      layout_cave_pools, kennysheep_mini, minmay_temple_entry_glass,
          hangedman_abyss_or_decor_stagger, minmay_pentangle,
          uniq_blork_the_orc, uniq_sigmund, uniq_grinder,
          uniq_crazy_yiuf_cottage
D:5:      layout_basic, serial_shops, nicolae_shop_bloodbath_and_beyond
D:6:      layout_rooms, uniq_duvessa, uniq_edmund
Temple:   nicolae_temple_figure_eight

Skill      XL: |  1  2  3  4  5  6  7  8 |
---------------+-------------------------+-----
Stealth        | 7 8 |  8.0
Spellcasting   | 1 2 3 4 |  4.9
Hexes          | 1 3 4 |  4.7
Ice Magic      | 1 3 |  3.1
Shields        | 4 6 |  6.0
Maces & Flails | 1 |  1.7
Fighting       | |  3.0
Short Blades   | |  2.0
Dodging        | |  2.0

Action                     |  1- 3 |  4- 6 |  7- 9 || total
---------------------------+-------+-------+-------++-------
  Melee: Short sword       |    40 |       |       ||    40
         Constrict         |    16 |    11 |    29 ||    56
         Tentacles         |    16 |    16 |    58 ||    90
         Dagger            |    32 |    60 |   180 ||   272
         Staff             |     2 |       |       ||     2
         Punch             |       |     3 |     3 ||     6
   Cast: Ensorcelled Hiber |       |       |     4 ||     4
    Use: Scroll            |     1 |       |    14 ||    15
         Potion            |       |       |     1 ||     1
   Stab: Sleeping          |    17 |    10 |    10 ||    37
         Distracted        |       |       |     3 ||     3
 Armour: Skin              |    27 |    13 |    74 ||   114
  Dodge: Dodged            |    30 |    19 |   101 ||   150
  Block: Buckler           |       |       |    39 ||    39

Table legend: (Time is in decaauts)
 A = Elapsed time spent in this place.
 B = Non-inter-level travel time spent in this place.
 C = Inter-level travel time spent in this place.
 D = Time resting spent in this place.
 E = Time spent auto-exploring this place.
 F = Levels seen in this place.
 G = Mean time per level.
                   A        B        C        D        E       F      G
               +--------+--------+--------+--------+--------+-----+--------+
         Total |   4009 |   3910 |     99 |     74 |   2383 |   7 |  572.7 |
       Dungeon |   3960 |   3877 |     83 |     74 |   2383 |   6 |  660.0 |
        Temple |     48 |     32 |     16 |      0 |      0 |   1 |   48.0 |
               +--------+--------+--------+--------+--------+-----+--------+

Top non-repeatable levels by time:
     D:4: 969 daAuts
     D:3: 827 daAuts
     D:1: 767 daAuts
     D:2: 680 daAuts
     D:5: 572 daAuts
     D:6: 141 daAuts
  Temple: 48 daAuts
